 Dungeon Crawl Stone Soup version 0.28-a0-969-g2dcde036d2 (webtiles) character file.

Game seed: 5070989340736576954

272354 Angani the Convoker (level 19, 0/154 HPs)
             Began as a Black Draconian Delver on Nov 30, 2021.
             Was the Champion of Jiyva.
             Shot with an arrow by a deep elf master archer (31 damage)
             ... on level 3 of the Elven Halls on Dec 1, 2021.
             The game lasted 02:40:06 (53281 turns).

Angani the Convoker (Black Draconian Delver)       Turns: 53281, Time: 02:40:06

Health: 0/154      AC: 25    Str: 17    XL:     19   Next: 4%
Magic:  44/44      EV: 17    Int: 21    God:    Jiyva [******]
Gold:   2012       SH: 21    Dex: 14    Spells: 29/46 levels left

rFire   . . .      SeeInvis .   a - +7 quick blade "Newt's Peril" {vorpal, Str+3}
rCold   . . .      Faith    +   J - +2 tower shield
rNeg    . . .      Spirit   .   (armour unavailable)
rPois   .          Reflect  .   t - +2 hat
rElec   +          Harm     .   X - +2 cloak
rCorr   +          Rampage  .   n - +2 pair of gloves "Leke" {-Cast rElec Will+}
Will    ++...      NoCast   +   h - +2 pair of boots
Stlth   +++++.....              r - amulet of faith
HPRegen 1.95/turn               E - ring "Kanit" {+Blink rCorr AC+4 Str-2 Slay+4}
MPRegen 0.79/turn               y - +6 ring of intelligence

@: calling ooze, flying, studying Air Magic
A: breathe lightning, AC +10, unfitting armour, big wings, electricity
resistance, cold-blooded, stinger 3, talons 2, thin skeletal structure 1, clumsy
1, high mp 2, acidic bite, translucent skin 1, evolution 1, jelly sensing items,
engulf
}: 3/15 runes: barnacled, slimy, gossamer
a: Breathe Lightning, Renounce Religion, Evoke Blink, Oozemancy, Slimify


You were on level 3 of the Elven Halls.
You worshipped Jiyva.
Jiyva was exalted by your worship.
You visited 7 branches of the dungeon, and saw 39 of its levels.
You also visited: Bailey and Gauntlet.

You collected 3848 gold pieces.
You spent 1836 gold pieces at shops.

Inventory:

Hand Weapons
 a - the +7 quick blade "Newt's Peril" (weapon) {vorpal, Str+3}
   (You bought it in a shop on level 3 of the Shoals)

   It inflicts extra damage upon your enemies.
   Str:       It affects your strength (+3).
 u - a +1 rapier of electrocution
Missiles
 w - 529 bolts
 Y - 3 throwing nets (quivered)
Armour
 h - a +2 pair of boots (worn)
 n - the +2 pair of gloves "Leke" (worn) {-Cast rElec Will+}
   (You bought it in a shop on level 1 of the Elven Halls)

   rElec:     It insulates you from electricity.
   -Cast:     It prevents spellcasting.
   Will:      It increases your willpower.
 t - a +2 hat (worn)
 J - a +2 tower shield (worn)
 X - a +2 cloak (worn)
Jewellery
 j - a ring of fire
 r - an amulet of faith (around neck)
 x - a ring of see invisible
 y - a +6 ring of intelligence (right hand)
 E - the ring "Kanit" (left hand) {+Blink rCorr AC+4 Str-2 Slay+4}
   (You bought it in a shop on level 3 of the Elven Halls)

   [ring of protection]

   AC:        It affects your AC (+4).
   Str:       It affects your strength (-2).
   Slay:      It affects your accuracy & damage with ranged weapons and melee
   (+4).
   +Blink:    It lets you blink.
   rCorr:     It protects you from acid and corrosion.
 H - a ring of protection from cold
 M - a +6 ring of strength
 N - a ring of poison resistance
 T - the ring "Xol Sod" {Drain rN+++ MP+9 Int+2 Dex+6}
   (You found it on level 5 of the Pits of Slime)

   [ring of dexterity]

   Int:       It affects your intelligence (+2).
   Dex:       It affects your dexterity (+6).
   rN:        It renders you almost immune to negative energy.
   MP:        It affects your magic capacity (+9).
   Drain:     It drains your maximum health when unequipped.
Wands
 f - a wand of digging (14)
 z - a wand of mindburst (11)
 A - a wand of polymorph (18)
 K - a wand of flame (100)
 L - a wand of paralysis (14)
 P - a wand of iceblast (14)
Scrolls
 b - 3 scrolls of fog
 c - 7 scrolls of magic mapping
 d - 3 scrolls of fear
 g - 3 scrolls of brand weapon
 k - 8 scrolls of teleportation
 l - 4 scrolls of silence
 s - 6 scrolls of immolation
 C - a scroll of summoning
 D - 4 scrolls of identify
 G - 8 scrolls of amnesia
Potions
 e - 7 potions of haste
 m - 3 potions of lignification
 o - a potion of magic
 p - 10 potions of curing
 q - 5 potions of brilliance
 v - 2 potions of attraction
 B - 5 potions of cancellation
 I - 3 potions of heal wounds
 O - 2 potions of mutation
 Q - a potion of berserk rage
 R - 5 potions of ambrosia
 V - a potion of resistance
 Z - 2 potions of might
Miscellaneous
 i - a tin of tremorstones (2/2)
 F - a phantom mirror
 U - a condenser vane


   Skills:
 - Level 10.1 Fighting
 - Level 14.0 Short Blades
 - Level 15.0 Dodging
 - Level 4.5 Stealth
 - Level 15.0 Shields
 + Level 14.2 Spellcasting
 + Level 15.4 Summonings
 - Level 10.0 Invocations


You had 29 spell levels left.
You knew the following spells:

 Your Spells              Type           Power      Damage    Failure   Level
a - Summon Cactus Giant   Summ           34%        N/A       4%          6
b - Summon Mana Viper     Hex/Summ       47%        N/A       19%         5
c - Summon Forest         Summ/Tloc      23%        N/A       19%         5
d - Apportation           Tloc           28%        N/A       16%         1

Your spell library contained the following spells:

 Spells                   Type           Power      Damage    Failure   Level
 Summon Small Mammal      Summ           100%       N/A       1%          1
 Call Imp                 Summ           68%        N/A       1%          2
 Call Canine Familiar     Summ           68%        N/A       1%          3
 Animate Skeleton         Necr           28%        N/A       16%         1
 Magic Dart               Conj           56%        1d5       16%         1
 Pain                     Necr           56%        1d6       16%         1
 Sandblast                Erth           28%        2d8       16%         1
 Slow                     Hex            56%        N/A       16%         1
 Sting                    Tmut/Pois      56%        1d5       16%         1
 Passwall                 Tmut/Erth      11%        N/A       24%         2
 Poisonous Vapours        Pois/Air       28%        N/A       24%         2
 Static Discharge         Conj/Air       14%        N/A       24%         2
 Confusing Touch          Hex            14%        N/A       43%         3
 Mephitic Cloud           Conj/Pois/Air  14%        N/A       43%         3
 Portal Projectile        Hex/Tloc       28%        N/A       43%         3
 Stone Arrow              Conj/Erth      28%        3d8       43%         3
 Flame Wave               Conj/Fire      14%        2d5       83%         4
 Leda's Liquefaction      Hex/Erth       7%         N/A       83%         4
 Olgreb's Toxic Radiance  Pois           14%        N/A       83%         4
 Agony                    Necr           14%        N/A       99%         5
 Excruciating Wounds      Necr           7%         N/A       99%         5
 Lee's Rapid Deconstruct  Erth           7%         3d7*      99%         5
 Metabolic Englaciation   Hex/Ice        7%         N/A       99%         5
 Yara's Violent Unravell  Hex/Tmut       7%         3d5       99%         5
 Death Channel            Necr           7%         N/A       100%        6
 Simulacrum               Ice/Necr       7%         N/A       100%        6
 Starburst                Conj/Fire      7%         6d4       100%        6
 Infestation              Necr           7%         N/A       100%        8
 Lehudib's Crystal Spear  Conj/Erth      7%         10d3      100%        8


Dungeon Overview and Level Annotations

Branches:
Dungeon (15/15)            Temple (0/1) D:6            Lair (6/6) D:11
 Shoals (4/4) Lair:2       Spider (4/4) Lair:2        Slime (5/5) Lair:6
    Orc (2/2) D:12            Elf (3/3) Orc:2        Vaults (0/5) D:14
 Depths (0/4) D:15         Bailey (visited)         Gauntlet (visited)

Altars:
Elyvilon
Fedhas
Hepliaklqana
Okawaru
Trog
Vehumet
Xom
Zin
Jiyva
Lugonu

Shops:
D:1 ?   D:10 ((   Orc:2 ![([   Elf:1 ![   Elf:3 =   Shoals:2 *   Shoals:3 (

Portals:
Abyss: Lair:6
Trove: D:15 (give +3 ice dragon scales)

Annotations:
D:3 1 exclusion, Sigmund
D:6 1 runed translucent door, Decritt's ghost, novice MiFi
D:10 exclusion: door
D:11 exclusion: door
Spider:1 3 runed translucent doors, exclusion: 3 doors, fritzmikael's ghost, journeyman GnWn
Spider:3 Roxanne
Slime:5 Royal Jelly
Orc:1 Erica
Orc:2 exclusion: upstairs
Elf:1 exclusion: 8 doors
Elf:2 5 runed translucent doors, exclusion: 5 doors


Innate Abilities, Weirdness & Mutations

You can breathe wild blasts of lightning.
Your glossy black scales are hard. (AC +10)
You cannot fit into any form of body armour.
Your large and strong wings let you fly.
You are resistant to electric shocks. (rElec)
You are cold-blooded and may be slowed by cold attacks.
Your tail ends in a wickedly sharp and venomous barb.
You have razor-sharp toenails.
You have a somewhat thin skeletal structure. (Dex +2, Stealth+)
You are clumsy. (Dex -2)
You have a considerably increased reservoir of magic. (+20% MP)
You have acidic saliva.
Your translucent skin slightly reduces your foes' accuracy. (Stealth+)
You have hidden genetic potential.
You have a small jelly attached to you that senses nearby items.
Your melee attacks may engulf your foes in ooze.


Message History

You destroy the lost soul!
The lost soul fades away!
You hear a slurping noise.
The walls burn the deep elf master archer!
The deep elf master archer shoots an arrow.
You block the arrow.
You puncture the ghostly deep elf death mage!
Your tail-slap misses the ghostly deep elf death mage.
The ghostly deep elf death mage is heavily damaged.
The wall burns the ghostly deep elf death mage!
The ghostly deep elf death mage misses you.
The walls burn the deep elf master archer!
The deep elf master archer shoots an arrow.
The arrow hits you.
You puncture the ghostly deep elf death mage!
The ghostly deep elf death mage is almost destroyed.
The ghostly deep elf death mage is asphyxiated!
You destroy the ghostly deep elf death mage!
You hear a slurping noise.
The walls burn the deep elf master archer!
The deep elf master archer shoots an arrow.
The arrow hits you!!
* * * LOW HITPOINT WARNING * * *
You hit the deep elf master archer but do no damage.
You tail-slap the deep elf master archer.
The deep elf master archer is poisoned.
The deep elf master archer is heavily wounded.
The walls burn the deep elf master archer!
The deep elf master archer shoots an arrow.
You block the arrow.
You barely miss the deep elf master archer.
The deep elf master archer is heavily wounded.
You hear a slurping noise.
The jelly splits in two!
You hear a slurping noise.
The jelly splits in two!
The walls burn the deep elf master archer!
The deep elf master archer shoots an arrow.
The arrow hits you!!
You die...

#####.⌠....##
#...
##(J###......##
#...
#||JJ###......#
#...
#|)J.J###.)...#
#...
#[J....#......#
#...
*#}....:.....##
#...
##.........##
#.##
##e).....##
#... ##@....##
#... ##...##
#... ##### #...
#... #... ####


You could see a deep elf master archer (poisoned) and 6 neutral jellies (fellow
slime).

Vanquished Creatures
  Arachne (Spider:3)
  Jorgrun (D:13)
  Asterion (Spider:3)
  2 deep elf blademasters (Elf:3)
  A deep elf master archer (Elf:3)
  Polyphemus (Shoals:3)
  Frances (D:14)
  3 deep elf sorcerers (Elf:3)
  A frost giant (Shoals:4)
  3 ghost moths
  An orc warlord (Orc:1)
  6 emperor scorpions
  7 deep elf elementalists (Elf:3)
  Nessos (Lair:5)
  3 deep elf demonologists (Elf:3)
  2 deep elf annihilators
  A spark wasp (Spider:2)
  An entropy weaver (Spider:4)
  The ghost of Mioxy the Cleaver, a journeyman MiBe of Trog (Lair:5)
  The ghost of Rimo the Arsonist, a journeyman OpFE of Nemelex Xobeh (Lair:5)
  2 merfolk javelineers (Shoals:4)
  9 deep elf death magi
  Josephine (D:13)
  3 ice dragons
  13 merfolk impalers
  A vault guard (D:14)
  A deep elf high priest (Elf:3)
  5 boulder beetles
  10 hydras
  A satyr (Shoals:2)
  3 merfolk avatars
  A rakshasa (D:14)
  5 centaur warriors
  5 two-headed ogres
  A catoblepas (Shoals:3)
  10 dancing weapons
  4 merfolk aquamancers (Shoals:4)
  3 death yaks (Shoals:3)
  A tengu warrior (D:10)
  3 thrashing horrors (Lair:6)
  10 deep elf knights
  16 sea snakes
  10 deep elf archers
  A wizard (D:13)
  20 deep elf zephyrmancers
  35 deep elf pyromancers
  23 harpies
  3 orc knights
  19 wolf spiders
  16 orb spiders
  13 fauns
  12 manticores
  12 cyclopes
  A salamander (shapeshifter) (D:15)
  2 ugly things
  9 elephants
  2 orc sorcerers
  2 moths of wrath
  4 black mambas
  5 water nymphs
  7 merfolk sirens
  A torpor snail (Spider:3)
  A smoke demon (Lair:6)
  A gargoyle (D:10)
  9 cane toads
  4 rime drakes
  A kobold demonologist (D:12)
  An efreet (D:14)
  15 komodo dragons
  A yaktaur (D:14)
  3 ancient zymes (Lair:6)
  29 jumping spiders
  16 demonic crawlers
  6 trolls
  A tengu conjurer (D:15)
  31 merfolk
  4 slime creatures
  A jumping spider (shapeshifter) (Elf:2)
  6 polar bears
  7 wind drakes
  29 blink frogs
  22 dream sheep
  3 hornets
  12 snapping turtles
  31 tarantellas
  2 air elementals (Elf:1)
  15 water elementals
  2 shadows (D:12)
  65 redbacks
  2 wyverns
  53 yaks
  6 wraiths
  2 ynoxinuls (Lair:6)
  3 chaos spawn (Lair:6)
  11 basilisks
  2 large abominations (Lair:6)
  2 fire elementals (Elf:3)
  3 vampire mosquitoes
  4 wargs (Orc:2)
  3 swamp worms (Lair:3)
  8 water moccasins
  26 orc warriors
  A sky beast (D:7)
  A necrophage (D:4)
  2 black bears
  15 wolves
  7 ogres
  27 centaurs
  2 kobold brigands
  6 bullfrogs
  2 gnoll sergeants
  A scorpion (D:6)
  An earth elemental (Elf:2)
  2 water moccasin zombies (D:7)
  2 wyvern skeletons
  8 small abominations (Lair:6)
  6 killer bees (D:10)
  A vampire bat (D:4)
  9 wights
  3 howler monkeys
  2 electric eels (Elf:3)
  3 centaur zombies
  2 hounds
  3 jellies
  10 orc priests
  2 centaur skeletons (D:7)
  A bullfrog skeleton (D:4)
  10 iguanas
  A scorpion zombie (D:5)
  15 orc wizards
  6 hell rats (Lair:5)
  2 howler monkey zombies
  13 gnolls
  11 adders
  2 shadow imps
  A white imp (Spider:1)
  3 ufetubi
  An adder skeleton (D:4)
  3 worms
  3 dart slugs
  4 fire bats
  53 orcs
  2 spectral bats (D:4)
  15 bats
  3 bat skeletons (D:4)
  A bat zombie (D:4)
  7 endoplasms
  6 giant cockroaches
  6 goblins
  10 hobgoblins
  2 jackals (D:1)
  19 kobolds
  4 quokkas
  6 ball pythons
  A bat simulacrum (D:4)
  4 frilled lizards
  12 rats
1132 creatures vanquished.

Vanquished Creatures (collateral kills)
  Donald (Spider:2)
  A deep elf annihilator (Elf:3)
  A wolf spider (Spider:4)
  2 orb spiders (Spider:4)
  A snapping turtle (Shoals:2)
6 creatures vanquished.

Vanquished Creatures (others)
  An azure jelly (Spider:4)
  A deep elf elementalist (Elf:3)
  2 emperor scorpions
  A merfolk avatar (Shoals:4)
  A dancing weapon (Elf:3)
  2 deep elf knights
  A glowing orange brain (shapeshifter) (Lair:6)
  2 deep elf pyromancers (Elf:2)
  A cyclops (Shoals:4)
  2 wolf spiders
  A komodo dragon (D:12)
  4 jumping spiders
  A hornet (Spider:4)
  A wind drake (Shoals:4)
  4 dream sheep
  A slime creature (D:12)
  3 redbacks (Spider:4)
  A tarantella (Spider:1)
  A water elemental (Elf:1)
  A yak (Lair:5)
  A basilisk (Lair:5)
  A swamp drake (D:11)
  A wolf (Lair:5)
  An orc priest (D:12)
  133 jellies
  A gnoll (D:13)
  90 fungi
  224 plants
  4 toadstools (D:1)
  6 withered plants (Lair:5)
494 creatures vanquished.

Grand Total: 1632 creatures vanquished

Notes
Turn   | Place    | Note
-------+----------+-------------------------------------------
     0 | D:5      | Angani the Draconian Delver began the quest for the Orb.
     0 | D:5      | Reached XP level 1. HP: 19/19 MP: 1/1
    63 | D:5      | Reached XP level 2. HP: 16/27 MP: 2/2
   316 | D:5      | Reached XP level 3. HP: 27/33 MP: 3/3
   530 | D:4      | Found a white marble altar of Elyvilon.
   561 | D:4      | Became a worshipper of Elyvilon the Healer
   747 | D:3      | Reached XP level 4. HP: 41/41 MP: 4/4
   835 | D:3      | Noticed Sigmund
   885 | D:3      | Reached * piety under Elyvilon
  1387 | D:1      | Reached ** piety under Elyvilon
  1471 | D:1      | Reached skill level 1 in Invocations
  1505 | D:1      | Found Deguyqog's Magic Scroll Shop.
  1513 | D:1      | Bought a scroll of blinking for 82 gold pieces
  1513 | D:1      | Bought a scroll of identify for 22 gold pieces
  1513 | D:1      | Bought a scroll of identify for 22 gold pieces
  2176 | D:2      | Reached XP level 5. HP: 47/47 MP: 6/6
  2335 | D:2      | Reached *** piety under Elyvilon
  2587 | D:2      | Reached skill level 5 in Fighting
  3055 | D:2      | Reached XP level 6. HP: 27/56 MP: 8/8
  3578 | D:3      | Found an iron altar of Okawaru.
  3578 | D:3      | Found a glowing silver altar of Zin.
  4430 | D:4      | Your scales start taking on a glossy black colour.
  4430 | D:4      | Reached XP level 7. HP: 58/62 MP: 10/10
  4430 | D:4      | Gained mutation: You are resistant to electric shocks.
                  | (rElec) [Black Draconian growth]
  4809 | D:4      | Reached **** piety under Elyvilon
  5098 | D:5      | Found a shimmering altar of Xom.
  5306 | D:6      | Found a runed translucent door.
  5308 | D:6      | Noticed Decritt's ghost (novice MiFi)
  5329 | D:6      | Reached skill level 5 in Invocations
  5356 | D:6      | Reached skill level 5 in Short Blades
  5892 | D:6      | Found a staircase to the Ecumenical Temple.
  5994 | D:6      | Reached XP level 8. HP: 71/71 MP: 12/12
  6980 | D:7      | Reached ***** piety under Elyvilon
  7871 | D:7      | Found a blossoming altar of Fedhas.
  8715 | D:8      | Reached XP level 9. HP: 63/79 MP: 15/15
 10857 | D:10     | Entered Level 10 of the Dungeon
 10905 | D:10     | Noticed a two-headed ogre
 11151 | D:10     | Gained mutation: You are weak. (Str -2) [potion of
                  | mutation]
 11151 | D:10     | Gained mutation: You are robust. (+10% HP) [potion of
                  | mutation]
 11193 | D:10     | Noticed a troll
 11461 | D:10     | Reached skill level 10 in Invocations
 11548 | D:10     | Noticed a boulder beetle
 11562 | D:10     | Killed a boulder beetle
 11563 | D:10     | Reached skill level 1 in Shields
 11563 | D:10     | Reached XP level 10. HP: 87/99 MP: 17/17
 11589 | D:10     | Killed a two-headed ogre
 11917 | D:10     | Noticed a tengu warrior
 11919 | D:10     | Killed a tengu warrior
 12102 | D:10     | Noticed a moth of wrath
 12218 | D:10     | Found a bloodstained altar of Trog.
 12269 | D:10     | Found Vosaruesie's Weapon Shoppe.
 12638 | D:10     | Found Xoofadghy's Antique Weapon Shoppe.
 12893 | D:10     | Noticed a gargoyle
 13006 | D:11     | Noticed a green ugly thing
 13358 | D:11     | Noticed a two-headed ogre
 13372 | D:11     | Killed a two-headed ogre
 13373 | D:11     | Reached skill level 10 in Fighting
 13438 | D:11     | Noticed a cyclops
 13441 | D:11     | Killed a cyclops
 13500 | D:11     | Noticed a two-headed ogre
 13515 | D:11     | Killed a two-headed ogre
 13516 | D:11     | Reached skill level 5 in Dodging
 13516 | D:11     | Reached skill level 5 in Shields
 13516 | D:11     | Reached XP level 11. HP: 69/108 MP: 18/18
 13769 | D:11     | Noticed a two-headed ogre
 13882 | D:11     | Killed a two-headed ogre
 14961 | D:11     | Found a staircase to the Lair.
 15535 | D:10     | Found a hazy altar of Hepliaklqana.
 15841 | D:10     | Found a faded altar of an unknown god.
 15890 | D:12     | Identified the +0 helmet of Roecs {rPois Dex+4}
 15908 | D:12     | Noticed a six-headed hydra
 16027 | D:12     | Reached skill level 10 in Short Blades
 16679 | D:12     | Noticed a sun demon
 16717 | D:12     | Noticed a two-headed ogre
 16731 | D:12     | Killed a two-headed ogre
 17195 | D:12     | Noticed a cyan ugly thing
 17200 | D:12     | Pacified a cyan ugly thing
 17230 | D:12     | Noticed a seven-headed hydra
 17233 | D:12     | Pacified a seven-headed hydra
 17485 | D:12     | Reached XP level 12. HP: 79/116 MP: 19/19
 17916 | D:12     | Pacified a six-headed hydra
 17941 | D:12     | Found a staircase to the Orcish Mines.
 18161 | Orc:1    | Entered Level 1 of the Orcish Mines
 18168 | Orc:1    | Found a flagged portal.
 18177 | Bailey   | Entered a bailey
 18588 | Orc:1    | Noticed an orc warlord
 18611 | Orc:1    | Killed an orc warlord
 19012 | Orc:2    | Entered Level 2 of the Orcish Mines
 19199 | Orc:1    | Noticed Erica
 19200 | Orc:1    | Noticed an orc high priest
 21387 | Orc:2    | HP: 1/116 [orc knight/bolt (25)]
 21999 | Orc:2    | Elyvilon protects you from harm!
 21999 | Orc:2    | HP: 2/116 [orc knight (20)]
 22716 | Orc:2    | Found Nastolit's Armour Boutique.
 22716 | Orc:2    | Found Gueckun's Antique Weapon Emporium.
 22725 | Orc:2    | Found Ageot's Armour Shoppe.
 22727 | Orc:2    | Found Wutoatif's Distillery.
 22736 | Orc:2    | Bought a +0 tower shield for 58 gold pieces
 23136 | Orc:2    | Found a staircase to the Elven Halls.
 23618 | Orc:2    | Noticed a centaur warrior
 23644 | Orc:2    | Killed a centaur warrior
 24656 | Lair:1   | Entered Level 1 of the Lair of Beasts
 25073 | Lair:1   | Noticed a five-headed hydra
 25078 | Lair:1   | Pacified a five-headed hydra
 25079 | Lair:1   | Reached skill level 10 in Shields
 25079 | Lair:1   | Reached XP level 13. HP: 124/124 MP: 17/20
 25266 | Lair:1   | Found a radiant altar of Vehumet.
 25914 | Lair:1   | You fall into a shaft and drop 1 floor!
 25986 | Lair:2   | Reached skill level 10 in Dodging
 26617 | Lair:2   | Found a staircase to the Shoals.
 27136 | Lair:2   | Found a hole to the Spider Nest.
 29507 | Lair:4   | You fall into a shaft and drop 2 floors!
 29507 | Lair:6   | Entered Level 6 of the Lair of Beasts
 29559 | Lair:5   | Gained mutation: Your large and strong wings let you fly.
                  | [Black Draconian growth]
 29559 | Lair:5   | Reached XP level 14. HP: 64/133 MP: 21/21
 29685 | Lair:5   | Found a gate leading to a gauntlet.
 29748 | Gauntlet | Entered a Gauntlet
 29748 | Gauntlet | Found a transporter.
 29748 | Gauntlet | Found a transporter.
 29748 | Gauntlet | Found a transporter.
 29858 | Gauntlet | Found a transporter.
 29861 | Gauntlet | Found a transporter.
 29872 | Gauntlet | Found a transporter.
 29872 | Gauntlet | Found a transporter.
 29884 | Gauntlet | Found a transporter.
 29900 | Gauntlet | Found a transporter.
 29918 | Gauntlet | Found a transporter.
 29922 | Gauntlet | Found a transporter.
 29932 | Gauntlet | Found a transporter.
 29980 | Gauntlet | Found a runed translucent door.
 30154 | Lair:6   | Lost mutation: You are weak. (Str -2) [potion of mutation]
 30154 | Lair:6   | Lost mutation: You are robust. (+10% HP) [potion of
                  | mutation]
 30154 | Lair:6   | Gained mutation: Your body sometimes deteriorates upon
                  | taking damage. [potion of mutation]
 30154 | Lair:6   | Gained mutation: You tend to lose your temper in combat.
                  | [potion of mutation]
 30154 | Lair:6   | Gained mutation: You are robust. (+10% HP) [potion of
                  | mutation]
 30154 | Lair:6   | Gained mutation: You are agile. (Dex +2) [potion of
                  | mutation]
 30181 | Lair:6   | Found a viscous altar of Jiyva.
 30181 | Lair:6   | Found a staircase to the Slime Pits.
 30205 | Lair:6   | Fell from the grace of Elyvilon
 30205 | Lair:6   | Became a worshipper of Jiyva Jufrudwo the Shapeless
 30410 | Lair:5   | Found a runed translucent gate.
 30411 | Lair:5   | Found a runed translucent gate.
 30412 | Lair:5   | Found a runed translucent gate.
 30416 | Lair:5   | Noticed Rimo's ghost (journeyman OpFE)
 30417 | Lair:5   | Noticed Mioxy's ghost (journeyman MiBe)
 30512 | Lair:5   | Noticed Nessos
 30603 | Lair:5   | Killed Nessos
 31039 | Lair:5   | Reached * piety under Jiyva
 31560 | Lair:5   | Killed Rimo's ghost
 31674 | Lair:5   | Killed Mioxy's ghost
 31689 | Lair:5   | Identified the ring "Yffour" {rC+ MP+9 Int+5 Dex-5}
 32190 | Lair:4   | Reached ** piety under Jiyva
 33260 | Lair:6   | Identified the +10 whip of Conscience {freeze, Will+}
 33432 | Lair:6   | Reached *** piety under Jiyva
 33711 | Lair:6   | Lost mutation: Your body sometimes deteriorates upon taking
                  | damage. [Jiyva's grace]
 33711 | Lair:6   | Gained mutation: Your tail ends in a venomous barb.
                  | [Jiyva's grace]
 33711 | Lair:6   | Gained mutation: Your tail ends in a sharp venomous barb.
                  | [Jiyva's grace]
 33711 | Lair:6   | Gained mutation: Your tail ends in a wickedly sharp and
                  | venomous barb. [Jiyva's grace]
 33711 | Lair:6   | Gained mutation: Your rubbery body absorbs attacks. (AC +1,
                  | EV +1) [Jiyva's grace]
 34014 | Lair:6   | Found a corrupted altar of Lugonu.
 34014 | Lair:6   | Found a one-way gate to the infinite horrors of the Abyss.
 34822 | D:13     | Noticed Jorgrun
 34824 | D:13     | Reached XP level 15. HP: 123/138 MP: 22/22
 34939 | D:13     | Killed Jorgrun
 35072 | D:13     | Noticed Josephine
 35107 | D:13     | Killed Josephine
 35336 | D:14     | Reached **** piety under Jiyva
 35747 | D:14     | Found a gate to the Vaults.
 35844 | D:14     | Noticed Frances
 35875 | D:14     | Killed Frances
 36116 | D:14     | Lost mutation: Your tail ends in a wickedly sharp and
                  | venomous barb. [Jiyva's grace]
 36116 | D:14     | Lost mutation: You tend to lose your temper in combat.
                  | [Jiyva's grace]
 36116 | D:14     | Lost mutation: Your rubbery body absorbs attacks. (AC +1,
                  | EV +1) [Jiyva's grace]
 36116 | D:14     | Gained mutation: You have a somewhat thin skeletal
                  | structure. (Dex +2, Stealth+) [Jiyva's grace]
 36116 | D:14     | Gained mutation: You have a moderately thin skeletal
                  | structure. (Dex +4, Stealth++) [Jiyva's grace]
 36116 | D:14     | Gained mutation: You have an unnaturally thin skeletal
                  | structure. (Dex +6, Stealth+++) [Jiyva's grace]
 36116 | D:14     | Gained mutation: Your muscles are strong. (Str +2) [Jiyva's
                  | grace]
 36238 | D:15     | Entered Level 15 of the Dungeon
 36304 | D:15     | Reached ***** piety under Jiyva
 36742 | D:15     | Found a corrupted altar of Lugonu.
 36836 | D:15     | Found a staircase to the Depths.
 37048 | D:15     | Reached skill level 15 in Shields
 37115 | D:15     | Found a portal to a secret trove of treasure.
 37418 | D:15     | Learned a level 6 spell: Summon Cactus Giant
 37424 | D:15     | Learned a level 5 spell: Summon Mana Viper
 37743 | Slime:1  | Entered Level 1 of the Pits of Slime
 37743 | Slime:1  | Noticed a rockslime
 37746 | Slime:1  | Noticed an azure jelly
 37753 | Slime:2  | Noticed an acid blob
 37767 | Slime:4  | Noticed a rockslime
 37767 | Slime:4  | Noticed a rockslime
 37772 | Slime:5  | Entered Level 5 of the Pits of Slime
 37775 | Slime:5  | Noticed an acid blob
 37780 | Slime:5  | Noticed an acid blob
 37791 | Slime:5  | Found a viscous altar of Jiyva.
 37791 | Slime:5  | Noticed an acid blob
 37791 | Slime:5  | Noticed an acid blob
 37791 | Slime:5  | Noticed an azure jelly
 37791 | Slime:5  | Noticed an acid blob
 37792 | Slime:5  | Noticed the Royal Jelly
 37819 | Slime:5  | Noticed an acid blob
 37822 | Slime:5  | Noticed an acid blob
 37823 | Slime:5  | Noticed an acid blob
 37829 | Slime:5  | Noticed an acid blob
 37834 | Slime:5  | Noticed a rockslime
 37859 | Slime:5  | Noticed an acid blob
 37902 | Slime:5  | Lost mutation: You are robust. (+10% HP) [Jiyva's grace]
 37902 | Slime:5  | Lost mutation: Your muscles are strong. (Str +2) [Jiyva's
                  | grace]
 37902 | Slime:5  | Gained mutation: You are robust. (+10% HP) [Jiyva's grace]
 37902 | Slime:5  | Gained mutation: You are very robust. (+20% HP) [Jiyva's
                  | grace]
 37902 | Slime:5  | Gained mutation: You are extremely robust. (+30% HP)
                  | [Jiyva's grace]
 37902 | Slime:5  | Gained mutation: You passively map a small area around you.
                  | [Jiyva's grace]
 37946 | Slime:5  | Reached ****** piety under Jiyva
 37971 | Slime:5  | Got the Guide on Bewitching Fire
 37976 | Slime:5  | Identified the ring "Xol Sod" {Drain rN+++ MP+9 Int+2
                  | Dex+6}
 37991 | Slime:5  | Got Ehuxkyng's Collected Works on the Mountains and
                  | Sinister Rituals
 38036 | Slime:5  | Got the Tome of Harmful Black Arts
 38038 | Slime:5  | Got a slimy rune of Zot
 38039 | Slime:5  | Identified the +3 great sword "Peit" {drain, Str+7}
 38090 | Slime:4  | Noticed an acid blob
 38185 | Slime:4  | Noticed a rockslime
 38336 | Spider:1 | Entered Level 1 of the Spider Nest
 38373 | Spider:1 | Reached skill level 1 in Summonings
 38392 | Spider:1 | Reached skill level 1 in Spellcasting
 38746 | Spider:1 | Found a runed translucent gate.
 38746 | Spider:1 | Found a runed translucent gate.
 38746 | Spider:1 | Found a runed translucent gate.
 38746 | Spider:1 | Noticed fritzmikael's ghost (journeyman GnWn)
 38976 | Spider:1 | Learned a level 5 spell: Summon Forest
 39257 | Spider:1 | Was placed under penance by Jiyva
 39629 | Spider:1 | Was forgiven by Jiyva
 40241 | Spider:2 | Gained mutation: You are covered in slimy tendrils that may
                  | disarm your opponents. [Jiyva's grace]
 40241 | Spider:2 | Gained mutation: Your tail ends in a wickedly sharp and
                  | venomous barb. [Jiyva's grace]
 40241 | Spider:2 | Gained mutation: Your translucent skin slightly reduces
                  | your foes' accuracy. (Stealth+) [Jiyva's grace]
 40241 | Spider:2 | Gained mutation: Your translucent skin reduces your foes'
                  | accuracy. (Stealth+) [Jiyva's grace]
 41464 | Spider:3 | Noticed a ghost moth
 41492 | Spider:2 | Reached XP level 16. HP: 145/174 MP: 23/23
 41544 | Spider:2 | Reached skill level 5 in Summonings
 41578 | Spider:3 | Noticed Arachne
 41710 | Spider:3 | Noticed Asterion
 41742 | Spider:3 | Killed Asterion
 41825 | Spider:3 | Noticed Donald
 41868 | Spider:2 | Killed Donald
 41869 | Spider:2 | Reached skill level 5 in Spellcasting
 41989 | Spider:3 | Killed Arachne
 42009 | Spider:3 | Identified Roxanne's Reference Book on Shape Shifting
 42009 | Spider:3 | Noticed Roxanne
 42179 | Spider:3 | Reached skill level 15 in Dodging
 42421 | Spider:4 | Entered Level 4 of the Spider Nest
 42421 | Spider:4 | Lost mutation: Your tail ends in a wickedly sharp and
                  | venomous barb. [Jiyva's grace]
 42421 | Spider:4 | Lost mutation: Your tail ends in a sharp venomous barb.
                  | [Jiyva's grace]
 42421 | Spider:4 | Lost mutation: You are agile. (Dex +2) [Jiyva's grace]
 42421 | Spider:4 | Lost mutation: You are extremely robust. (+30% HP) [Jiyva's
                  | grace]
 42421 | Spider:4 | Lost mutation: Your translucent skin reduces your foes'
                  | accuracy. (Stealth+) [Jiyva's grace]
 42421 | Spider:4 | Gained mutation: You are somewhat resistant to further
                  | mutation. [Jiyva's grace]
 42421 | Spider:4 | Gained mutation: You are somewhat resistant to both further
                  | mutation and mutation removal. [Jiyva's grace]
 42421 | Spider:4 | Gained mutation: You are almost entirely resistant to
                  | further mutation and mutation removal. [Jiyva's grace]
 42421 | Spider:4 | Gained mutation: Your melee attacks may engulf your foes in
                  | ooze. [Jiyva's grace]
 42427 | Spider:4 | Noticed Bai Suzhen
 42489 | Spider:4 | Slimified Bai Suzhen
 42489 | Spider:4 | Noticed Bai Suzhen
 42489 | Spider:4 | Bai Suzhen changed into Bai Suzhen the azure jelly
 42560 | Spider:4 | Killed Bai Suzhen the azure jelly
 42850 | Spider:3 | Upgraded the game from 0.28-a0-948-gee6e0bcda6 to
                  | 0.28-a0-969-g2dcde036d2
 43950 | Spider:4 | Got a gossamer rune of Zot
 44100 | Shoals:1 | Entered Level 1 of the Shoals
 44620 | Shoals:1 | Reached XP level 17. HP: 116/168 MP: 29/29
 45105 | Shoals:1 | Lost mutation: You have an unnaturally thin skeletal
                  | structure. (Dex +6, Stealth+++) [Jiyva's grace]
 45105 | Shoals:1 | Lost mutation: You are almost entirely resistant to further
                  | mutation and mutation removal. [Jiyva's grace]
 45105 | Shoals:1 | Gained mutation: You have a small jelly attached to you
                  | that senses nearby items. [Jiyva's grace]
 45105 | Shoals:1 | Gained mutation: You have large cloven feet. [Jiyva's
                  | grace]
 45105 | Shoals:1 | Gained mutation: You have hoof-like feet. [Jiyva's grace]
 45105 | Shoals:1 | Gained mutation: You have hooves in place of feet. [Jiyva's
                  | grace]
 45379 | Shoals:2 | Identified the +7 battleaxe "Wijufronn" {spect, Will+
                  | Stlth+}
 45411 | Shoals:2 | Reached skill level 10 in Summonings
 45990 | Shoals:2 | Found Bauptih's General Store.
 45998 | Shoals:2 | Bought a potion of might for 76 gold pieces
 46410 | Shoals:3 | Noticed Polyphemus
 46426 | Shoals:3 | Reached skill level 10 in Spellcasting
 46516 | Shoals:3 | Found Utorim's Antique Weapon Emporium.
 46527 | Shoals:3 | Bought a crude quick blade for 420 gold pieces
 46527 | Shoals:3 | Identified the +7 quick blade "Newt's Peril" {vorpal,
                  | Str+3} (You bought it in a shop on level 3 of the Shoals)
 46897 | Shoals:3 | Killed Polyphemus
 47239 | Shoals:4 | Entered Level 4 of the Shoals
 47239 | Shoals:4 | Found the amulet of the Air {Inacc Air Fly rElec RMsl}
 47240 | Shoals:4 | Lost mutation: You passively map a small area around you.
                  | [Jiyva's grace]
 47240 | Shoals:4 | Lost mutation: You are very robust. (+20% HP) [Jiyva's
                  | grace]
 47240 | Shoals:4 | Lost mutation: You are covered in slimy tendrils that may
                  | disarm your opponents. [Jiyva's grace]
 47240 | Shoals:4 | Gained mutation: You have an increased reservoir of magic.
                  | (+10% MP) [Jiyva's grace]
 47240 | Shoals:4 | Gained mutation: You have a considerably increased
                  | reservoir of magic. (+20% MP) [Jiyva's grace]
 47240 | Shoals:4 | Gained mutation: You have a greatly increased reservoir of
                  | magic. (+30% MP) [Jiyva's grace]
 47240 | Shoals:4 | Gained mutation: You have acidic saliva. [Jiyva's grace]
 47368 | Shoals:4 | Noticed Aizul
 48214 | Shoals:4 | Slimified Aizul
 48214 | Shoals:4 | Noticed Aizul
 48214 | Shoals:4 | Aizul changed into Aizul the slime creature
 48819 | Shoals:4 | Got a barnacled rune of Zot
 49011 | Shoals:4 | Reached XP level 18. HP: 161/161 MP: 44/44
 49710 | Elf:1    | Entered Level 1 of the Elven Halls
 49787 | Elf:1    | Paralysed by an air elemental for 1 turns
 50122 | Elf:1    | Got Fafeil's Catalogue of Damage Dealing
 50212 | Elf:1    | Found Ekicoaj's Armour Boutique.
 50212 | Elf:1    | Found Pytota's Jewellery Shop.
 50216 | Elf:1    | Found Wutwuerar's Distillery.
 50263 | Elf:1    | Bought the +2 pair of gloves "Leke" {-Cast rElec Will+} for
                  | 406 gold pieces
 50270 | Elf:1    | Identified the +0 robe of Fortification {rF+++ Str-4 Int-3
                  | Stlth+}
 50336 | Elf:1    | Lost mutation: You have a greatly increased reservoir of
                  | magic. (+30% MP) [Jiyva's grace]
 50336 | Elf:1    | Lost mutation: You are robust. (+10% HP) [Jiyva's grace]
 50336 | Elf:1    | Lost mutation: You have a small jelly attached to you that
                  | senses nearby items. [Jiyva's grace]
 50336 | Elf:1    | Gained mutation: You possess an exceptional clarity of
                  | mind. [Jiyva's grace]
 50336 | Elf:1    | Gained mutation: You have a small jelly attached to you
                  | that senses nearby items. [Jiyva's grace]
 50336 | Elf:1    | Lost mutation: You are somewhat resistant to both further
                  | mutation and mutation removal. [Jiyva's grace]
 50336 | Elf:1    | Lost mutation: You are somewhat resistant to further
                  | mutation. [Jiyva's grace]
 50336 | Elf:1    | Gained mutation: You have hidden genetic potential.
                  | [Jiyva's grace]
 50336 | Elf:1    | Gained mutation: You have great hidden genetic potential.
                  | [Jiyva's grace]
 50999 | Elf:2    | Learned a level 1 spell: Apportation
 51273 | Elf:2    | Found a huge runed translucent gate.
 51273 | Elf:2    | Found a huge runed translucent gate.
 51273 | Elf:2    | Found a huge runed translucent gate.
 51273 | Elf:2    | Found a huge runed translucent gate.
 51274 | Elf:2    | Found a huge runed translucent gate.
 51583 | Elf:3    | Entered Level 3 of the Elven Halls
 51624 | Elf:3    | Found Xalofuemm's Jewellery Emporium.
 51632 | Elf:3    | Bought the ring "Kanit" {+Blink rCorr AC+4 Str-2 Slay+4}
                  | for 750 gold pieces
 51652 | Elf:3    | Lost mutation: You have a moderately thin skeletal
                  | structure. (Dex +4, Stealth++) [Jiyva's grace]
 51652 | Elf:3    | Lost mutation: You possess an exceptional clarity of mind.
                  | [Jiyva's grace]
 51652 | Elf:3    | Lost mutation: You have great hidden genetic potential.
                  | [Jiyva's grace]
 51652 | Elf:3    | Gained mutation: Your tail ends in a sharp venomous barb.
                  | [Jiyva's grace]
 51652 | Elf:3    | Gained mutation: Your tail ends in a wickedly sharp and
                  | venomous barb. [Jiyva's grace]
 51652 | Elf:3    | Lost mutation: You have hooves in place of feet. [Jiyva's
                  | grace]
 51652 | Elf:3    | Lost mutation: You have hoof-like feet. [Jiyva's grace]
 51652 | Elf:3    | Lost mutation: You have large cloven feet. [Jiyva's grace]
 51652 | Elf:3    | Gained mutation: You have sharp toenails. [Jiyva's grace]
 51652 | Elf:3    | Gained mutation: You have razor-sharp toenails. [Jiyva's
                  | grace]
 52468 | Elf:3    | Identified the +5 long sword of Conscience {vorpal, Dex+4}
 52764 | Elf:3    | Reached skill level 15 in Summonings
 52793 | Elf:3    | Identified the +8 chain mail of the Mantidfly {rF+}
 53060 | Elf:3    | Gained mutation: You are clumsy. (Dex -2) [a cacodemon]
 53104 | Elf:3    | Reached XP level 19. HP: 154/154 MP: 44/44
 53260 | Elf:3    | Identified the +10 shortbow of Absolution {speed, rF+ Will+
                  | Str-2}
 53261 | Elf:3    | Identified the +6 scale mail of Lavu {rC+ rCorr}
 53281 | Elf:3    | Shot with an arrow by a deep elf master archer

Illustrated notes

Levels and vault maps discovered:
D:1:      ldierk_water_garden, layout_basic, serial_shops, shop
D:2:      minmay_thinvault, layout_loops_cross
D:3:      layout_basic, nicolae_overflow_hidden_temple,
          gammafunk_temple_overflow_wave, minivault_24, uniq_sigmund
D:4:      layout_loops_ring, elyvilon_altar_3, goddamned_bats
D:5:      layout_cave_pools, general_overflow_altar
D:6:      layout_loops_corners, minmay_temple_entry_waves,
          hellmonk_ghost_happy_afterlife
D:7:      layout_rooms, fedhas_altar_2, minmay_holes
D:8:      layout_rooms, dk_noncrumbling_2
D:9:      layout_rooms, hangedman_incinerator
D:10:     layout_roguey, beargit_hepliaklqana_dungeon_heroes, tgw_trog,
          serial_shops, shop, shop, small_statue_intersection
D:11:     layout_roguey, erik_lair_dragon
D:12:     minmay_inner_zag, layout_irregular_city, hiddenorc2_lemuel
D:13:     layout_cross, uniq_josephine, uniq_jorgrun
D:14:     layout_irregular_city, david_vaults_5, minmay_staircase_bubble,
          uniq_frances
D:15:     grunt_enter_depths_hoard, layout_loops_corners,
          trove_entry_hex_spiral, minivault_23, tgw_lugonu_bribe
Lair:1:   layout_loops_ring, basic_altar
Lair:2:   layout_misc_corridors, minmay_shoals_entry_beasts, spider_nest_entry_a
Lair:3:   beast_lair_carwin_large_4, layout_gridlike, worms_lemuel,
          lemuel_fruit_tree, infiniplex_staircase_pool
Lair:4:   layout_cave_pods, grunt_megastairs_1
Lair:5:   layout_roguey, gauntlet_entry_generic,
          portal_ice_cave_entry_animals_and_master, gammafunk_ghost_cemetery,
          uniq_nessos
Lair:6:   hellmonk_lair_end_abyssal_woods, layout_long_grid, slime_altar_1
Shoals:1: layout_shoals
Shoals:2: nicolae_shoals_island_circles, layout_shoals, serial_shops,
          nicolae_lakefront_shop
Shoals:3: layout_shoals, serial_shops, nicolae_square_shop, uniq_polyphemus
Shoals:4: shoals_end_grunt_ice, layout_shoals, nicolae_shoals_water_booths,
          uniq_aizul
Spider:1: layout_chambers, gammafunk_ghost_necromancy, nicolae_crawler_farm
Spider:2: layout_chambers, nicolae_spider_webbed_stairs
Spider:3: layout_spider_delve, uniq_arachne, uniq_asterion, uniq_roxanne,
          uniq_donald
Spider:4: grunt_spider_rune_circles, uniq_bai_suzhen
Slime:1:  layout_caves
Slime:2:  layout_caves
Slime:3:  layout_caves
Slime:4:  layout_caves
Slime:5
Orc:1:    layout_caves, enter_bailey_6, mines2_lemuel, uniq_erica
Orc:2:    st_orc_rangers, layout_diamond_mine
Elf:1:    nicolae_elf_arrival_fired_up, layout_geoelf_diagonals,
          minmay_elf_annihilation, nicolae_elf_loose_elemental_storage,
          minmay_shop_star
Elf:2:    elven_hall_of_blades_hangedman_alternative [nicolae_blade_lattice],
          layout_gridlike, amethyst_killhole, minivault_19, uniq_louise
Elf:3:    grunt_elf_hall_asides, layout_geoelf_castle, serial_shops, shop

Skill      XL: |  1  2  3  4  5  6  7  8  9 10 11 12 13 14 15 16 17 18 |
---------------+-------------------------------------------------------+-----
Fighting       | 4 5 6 7 8 10 | 10.1
Short Blades   | 3 4 5 6 7 9 10 12 13 14 | 14.0
Invocations    | 1 3 4 6 8 10 | 10.0
Dodging        | 2 5 7 9 11 13 14 15 | 15.0
Shields        | 1 5 7 10 11 14 15 | 15.0
Summonings     | 4 9 12 15 | 15.4
Spellcasting   | 4 8 11 14 | 14.2
Stealth        | |  4.5

Action                   |  1- 3 |  4- 6 |  7- 9 | 10-12 | 13-15 | 16-18 | 19-21 || total
-------------------------+-------+-------+-------+-------+-------+-------+-------++-------
Melee: Short sword       |    45 |   347 |   421 |  1023 |       |       |       ||  1836
       Tailslap          |    11 |    32 |    71 |   177 |   463 |   573 |     9 ||  1336
       Dagger            |       |       |       |    63 |       |       |       ||    63
       Rapier            |       |       |       |    44 |  2540 |  1402 |       ||  3986
       Quick blade       |       |       |       |       |       |  1339 |    47 ||  1386
       Kick              |       |       |       |       |       |   499 |       ||   499
       Bite              |       |       |       |       |       |   165 |     3 ||   168
Throw: Throwing net      |       |       |       |       |       |     5 |       ||     5
Invok: Heal Self         |       |       |     3 |    10 |     1 |       |       ||    14
       Purification      |       |       |     5 |     8 |     6 |       |       ||    19
       Heal Other        |       |       |       |     9 |     5 |       |       ||    14
       Divine Vigour     |       |       |       |     1 |       |       |       ||     1
       Oozemancy         |       |       |       |       |     2 |    10 |     1 ||    13
       Slimify           |       |       |       |       |       |     2 |       ||     2
 Abil: Breathe Lightning |       |       |    29 |    26 |    22 |     5 |       ||    82
Evoke: Wand              |       |       |       |     6 |       |       |       ||     6
  Use: Scroll            |       |     3 |    16 |    12 |    12 |     6 |       ||    49
       Potion            |       |       |     1 |     3 |     6 |     2 |       ||    12
 Stab: Sleeping          |     2 |    23 |     4 |     2 |    25 |    28 |       ||    84
       Distracted        |       |       |     1 |     5 |     5 |    14 |       ||    25
       Confused          |       |       |       |     2 |       |       |       ||     2
       Held in net/web   |       |       |       |       |       |     3 |       ||     3
       Petrified         |       |       |       |       |       |     2 |       ||     2
Armor: Skin              |    13 |   150 |   222 |   246 |   577 |   306 |     3 ||  1517
Dodge: Dodged            |    35 |   251 |   184 |   392 |  1198 |  1232 |     8 ||  3300
Block: Kite shield       |       |       |   251 |   600 |       |       |       ||   851
       Tower shield      |       |       |       |   154 |  2335 |  2402 |    20 ||  4911

Table legend: (Time is in decaauts)
 A = Elapsed time spent in this place.
 B = Non-inter-level travel time spent in this place.
 C = Inter-level travel time spent in this place.
 D = Time resting spent in this place.
 E = Time spent auto-exploring this place.
 F = Levels seen in this place.
 G = Mean time per level.
                   A        B        C        D        E       F      G
               +--------+--------+--------+--------+--------+-----+--------+
         Total |  51472 |  48644 |   2828 |  15424 |  17221 |  41 | 1255.4 |
       Dungeon |  22281 |  20930 |   1351 |   7842 |   8378 |  15 | 1485.4 |
          Lair |   9597 |   8870 |    727 |   2553 |   3309 |   6 | 1599.5 |
        Shoals |   4845 |   4667 |    178 |    470 |   1991 |   4 | 1211.2 |
   Spider Nest |   5344 |   5074 |    270 |    660 |   1930 |   4 | 1336.0 |
    Slime Pits |    473 |    377 |     96 |      0 |    185 |   5 |   94.6 |
  Orcish Mines |   5370 |   5270 |    100 |   3523 |    529 |   2 | 2685.0 |
   Elven Halls |   3241 |   3138 |    103 |    277 |    772 |   3 | 1080.3 |
        Bailey |      6 |      6 |      0 |      0 |      0 |   1 |    6.0 |
      Gauntlet |    310 |    310 |      0 |     98 |    127 |   1 |  310.0 |
               +--------+--------+--------+--------+--------+-----+--------+

Top non-repeatable levels by time:
    D:11: 3241 daAuts
   Orc:1: 3037 daAuts
    D:12: 2797 daAuts
    D:10: 2460 daAuts
   Orc:2: 2333 daAuts
     D:6: 2054 daAuts
Spider:1: 1801 daAuts
  Lair:3: 1758 daAuts
  Lair:5: 1741 daAuts
  Lair:1: 1636 daAuts
  Lair:6: 1625 daAuts
Shoals:4: 1598 daAuts
     D:8: 1580 daAuts
  Lair:2: 1512 daAuts
   Elf:3: 1507 daAuts
